AoeStats
← [Memento mori] Lord_Balam

Arabia

508587368Analyzed
1v1 RM · 11d ago on Sep 23, 2026· 92m 14s· 2 players
Game mode
Random Map
Map size
Tiny (2 player)
Population
200
Speed
Normal
Resources
Standard
Victory
Conquest
Starting age
Dark Age
Ending age
Imperial Age
RankedLock teamsTeams togetherTeam positionsShared explorationLock speedFull tech treeHidden civsTurbo modeCheats
Victory
Defeat
🇲🇽 Lithuanians · Mexico
276
+18
324
-18
petermurphymx
14:42 Feudal Age
16:24 Double-Bit Axe
17:37 Horse Collar
19:03 Gold Mining
19:06 Stone Mining
23:04 Castle Age
24:53 Man-at-Arms
26:15 Murder Holes
26:04 Treadmill Crane
26:46 Fletching
26:56 Murder Holes
28:16 Heavy Plow
28:31 Bow Saw
29:43 Bodkin Arrow
30:16 Ballistics
30:54 Stone Shaft Mining
40:29 Imperial Age
42:08 Conscription
42:02 Elite Leitis
43:02 Forging
42:53 Bracer
45:50 Chemistry
46:19 Two-Man Saw
45:55 Crop Rotation
46:03 Heated Shot
50:00 Wheelbarrow
49:28 Squires
49:43 Bloodlines
49:34 Husbandry
52:34 Iron Casting
52:09 Pikeman
52:53 Scale Mail Armor
53:01 Scale Barding Armor
52:48 Light Cavalry
56:42 Long Swordsman
56:53 Cavalier
59:04 Town Watch
62:21 Chain Mail Armor
61:30 Two-Handed Swordsman
62:58 Halberdier
64:08 Loom
65:30 Hand Cart
65:40 Chain Barding Armor
65:24 Champion
66:26 Tower Shields
67:30 Town Patrol
67:55 Arson
[Memento mori] Lord_Balam
12:03 Feudal Age
10:19 Loom
14:40 Double-Bit Axe
17:43 Wheelbarrow
19:02 Town Watch
24:13 Castle Age
26:39 Fletching
26:53 Town Patrol
34:55 Imperial Age
32:24 Gold Mining
35:29 Ballistics
38:20 Chemistry
43:53 Forging
44:41 Hand Cart
44:29 Pikeman
46:42 Halberdier
Connection lost

Rejoining the realm…

Still unreachable

The connection could not be restored.

Session expired

The server has moved on; the page needs a fresh start.